Map: Shrines of Lizul

Players

spades

  • Race: Zerg Zerg
  • League: Gold
  • Spawn Location: 12:00

bassayla

  • Race: Terran Terran
  • League: Silver
  • Spawn Location: 3:00

MechaCaulk - Winner!

  • Race: Zerg Zerg
  • League: Gold
  • Spawn Location: 9:00

TheDevil - Winner!

  • Race: Zerg Zerg
  • League: Silver
  • Spawn Location: 6:00

VOD

Have the link to the VOD?

Description

Time

  • Played on: March 26, 2019, 5:34 a.m.
  • Length: 10:38
Show
View Real Time Build Order
Export as new Build Order

spades Zerg 

Build Orders: Pool First 

Get SALT Encoding   

  12  0:02  Drone  
  13  0:11  Drone  
  14  0:18  Overlord  
  14  0:38  Drone x2  
  14  0:40  Drone  
  17  0:54  Spawning Pool  
  16  0:58  Drone  
  17  1:06  Overlord  
  17  1:33  Overlord  
  17  1:35  Hatchery  
  17  1:37  Drone  
  17  1:50  Queen  
  17  1:53  Zergling x4  
  21  2:05  Zergling x2  
  22  2:19  Overlord  
  22  2:25  Zergling x2  
  23  2:37  Hatchery, Zergling x2  
  23  2:47  Evolution Chamber  
  23  2:50  Extractor  
  21  2:53  Extractor, Zergling x6  
  23  3:13  Zergling x8  
  23  3:14  Zergling x2  
  24  4:01  Zergling x8  
  24  4:02  Zergling x4  
  30  4:14  Overlord x2  
  30  4:29  Zergling x10  
  32  4:51  Zergling x6  
  32  4:52  Zergling x6  
  32  5:02  Zergling x4  
  32  5:19  Drone x5  
  32  5:20  Drone  
  37  5:46  Zergling x4  
  37  5:47  Zergling x10  
  28  6:22  Zergling x4  
  28  6:23  Zergling x14  
  32  6:46  Drone x5  
  37  7:14  Hatchery  
  36  7:37  Extractor  
  35  7:39  Extractor  
  34  7:45  Lair  
  32  8:00  Spore Crawler  
  32  8:03  Spore Crawler  
  30  8:08  Drone x2  
  30  8:09  Drone x3  
  35  8:18  Queen  
  37  8:31  Drone  
  37  8:32  Drone x6  
  33  9:13  Zergling x4  
  33  9:14  Zergling x12  
  33  9:15  Zergling x4  
  34  9:47  Queen x2  
Show
View Real Time Build Order
Export as new Build Order

bassayla Terran 

Build Orders:  

Get SALT Encoding   

  12  0:11  Refinery  
  12  0:23  Supply Depot  
  12  0:29  SCV  
  13  0:41  SCV  
  14  0:51  Barracks  
  14  0:54  SCV  
  15  1:09  SCV, Barracks  
  16  1:21  SCV  
  17  1:44  Barracks  
  17  1:46  Barracks Tech Lab  
  17  1:57  Orbital Command  
  17  2:00  Barracks Tech Lab  
  17  2:11  Engineering Bay  
  17  2:17  Concussive Shells  
  17  2:27  Marauder  
  19  2:32  Marauder  
  21  2:38  SCV  
  21  2:41  Barracks Tech Lab, Supply Depot  
  22  3:00  Marauder  
  22  3:10  Marauder  
  22  3:11  Marauder  
  26  3:22  Marauder, Barracks  
  26  3:26  SCV  
  29  3:31  Terran Infantry Weapons Level 1  
  29  3:39  SCV  
  30  3:50  Supply Depot  
  30  4:08  Marine  
  31  4:12  Marauder x2  
  35  4:26  Marine, Supply Depot  
  36  4:33  Marine  
  36  4:36  Barracks Tech Lab  
  39  4:38  Marauder  
  39  4:48  Marauder  
  39  4:51  Marauder  
  43  5:03  Marine x2  
  45  5:09  Marine  
  45  5:12  Marine  
  47  5:25  Marine x2  
  47  5:27  Marine  
  46  5:30  Marine  
  47  5:42  Command Center  
  44  5:59  Marine x4  
  32  6:17  Marine x4  
  32  6:18  Missile Turret  
  34  6:20  Missile Turret  
  34  6:33  Hi-Sec Auto Tracking  
  34  6:34  Marine  
  34  6:35  Marine x3  
  38  6:43  Missile Turret  
  38  6:52  Marine  
  38  6:53  Marauder x2  
  43  7:14  Factory, SCV  
  43  7:15  SCV  
  45  7:21  Refinery  
  45  7:26  SCV  
  45  7:27  SCV  
  47  7:31  Marauder  
  47  7:33  Marauder  
  51  7:39  SCV  
  51  7:42  Orbital Command  
  52  7:55  Marine x4  
  56  8:03  Factory Tech Lab  
  56  8:07  Starport  
  56  8:12  Marine  
  56  8:13  Combat Shield  
  56  8:16  SCV  
  56  8:17  SCV  
  59  8:35  Cyclone, Starport  
  35  9:18  Liberator  
  12  9:57  SCV  
  13  10:07  Refinery  
  13  10:09  SCV  
  14  10:22  SCV  
Show
View Real Time Build Order
Export as new Build Order

MechaCaulk Zerg - Winner!

Build Orders: Pool First, Zergling Baneling 

Get SALT Encoding   

  12  0:04  Drone  
  13  0:15  Drone  
  13  0:18  Overlord  
  14  0:28  Extractor  
  13  0:29  Drone  
  14  0:37  Drone x2  
  16  0:59  Drone x2  
  18  1:06  Spawning Pool  
  18  1:11  Drone  
  18  1:30  Drone  
  19  1:33  Hatchery  
  19  1:37  Drone  
  19  1:49  Overlord  
  19  1:53  Zergling x2  
  19  1:54  Queen  
  20  2:00  Extractor  
  21  2:03  Zergling x2  
  22  2:20  Baneling Nest  
  21  2:25  Zergling x4  
  23  2:38  Overlord  
  23  2:44  Metabolic Boost  
  23  2:51  Zergling x4  
  23  2:56  Zergling x2  
  25  3:07  Zergling x6  
  25  3:08  Zergling x4  
  25  3:12  Baneling x2  
  29  3:17  Drone  
  29  3:18  Drone  
  30  3:33  Drone x3  
  33  3:39  Drone  
  33  3:40  Queen  
  36  3:56  Spine Crawler  
  36  3:57  Drone x4  
  39  4:05  Lair  
  39  4:08  Drone  
  41  4:18  Baneling  
  41  4:20  Baneling x4  
  41  4:21  Baneling x4  
  41  4:22  Zergling x2  
  39  4:42  Zergling x12  
  43  4:50  Zergling x4  
  41  4:58  Roach Warren  
  40  5:02  Hatchery  
  39  5:17  Baneling x5  
  39  5:18  Overlord x4  
  35  5:43  Zergling x10  
  35  5:44  Zergling x8  
  42  5:54  Zergling x2  
  42  5:55  Zergling x2  
  36  6:11  Drone x2  
  36  6:12  Drone  
  39  6:22  Drone x2  
  39  6:23  Drone  
  39  6:25  Overseer  
  42  6:28  Queen  
  42  6:32  Roach x6  
  55  6:39  Roach x2  
  59  6:50  Roach x3  
  60  7:08  Overlord  
  60  7:09  Overlord  
  60  7:17  Overlord  
  60  7:34  Roach  
  60  7:35  Roach x3  
  60  7:36  Baneling x4  
  68  7:38  Zergling x8  
  72  7:56  Roach x4  
  72  7:57  Roach  
  82  8:09  Baneling x3  
  82  8:10  Baneling x5  
  82  8:13  Overlord x2  
  82  8:31  Zergling x6  
  82  8:32  Overlord x2  
  82  8:34  Zergling x6  
  80  8:56  Zergling x16  
  88  9:06  Roach x3  
  88  9:21  Zergling x6  
  88  9:22  Zergling x4  
  93  9:37  Zergling x8  
  97  9:43  Overlord x2  
  97  9:49  Hydralisk Den  
  96  9:55  Roach x3  
  96  10:16  Drone x4  
  96  10:17  Drone x3  
  105  10:28  Hatchery  
Show
View Real Time Build Order
Export as new Build Order

TheDevil Zerg - Winner!

Build Orders: Pool First 

Get SALT Encoding   

  12  0:03  Drone  
  13  0:09  Drone  
  14  0:30  Spawning Pool  
  14  0:32  Drone  
  14  0:44  Overlord  
  14  1:12  Drone x2  
  14  1:13  Drone  
  14  1:16  Queen  
  19  1:28  Extractor  
  19  1:30  Extractor  
  17  1:41  Drone x2  
  19  1:52  Queen  
  21  2:26  Hatchery  
  20  2:30  Lair  
  20  2:54  Drone x2  
  20  2:56  Overlord x4  
  22  3:41  Spire  
  21  3:42  Drone x3  
  21  3:43  Drone  
  21  3:46  Drone  
  26  3:50  Queen  
  5  5:05  Mutalisk  
  5  5:06  Mutalisk x2  
Tags
 
Add a new tag
Caveats
  • Supply blocks, unpowered buildings, or Contaminate may cause inaccurate times.
  • Supply counts are checked every 10 seconds.